 Dungeon Crawl Stone Soup version 0.21.1-1-g345015f (webtiles) character file.

1649 Jawreze the Conjurer (level 8, -4/68 HPs)
             Began as a Grey Draconian Conjurer on May 29, 2018.
             Was an Initiate of Vehumet.
             Slain by bmj180's ghost (8 damage)
             ... on level 6 of the Dungeon.
             The game lasted 00:24:05 (7618 turns).

Jawreze the Conjurer (Grey Draconian Conjurer)      Turns: 7618, Time: 00:24:06

Health: -4/68      AC: 16    Str: 11    XL:     8   Next: 67%
Magic:  2/15       EV: 12    Int: 18    God:    Vehumet [......]
Gold:   146        SH:  0    Dex: 11    Spells: 6/16 levels left

rFire    + . .     SeeInvis .   v - +6 flail (holy)
rCold    x . .     Gourm    .   (no shield)
rNeg     . . .     Faith    .   (armour unavailable)
rPois    .         Spirit   .   (helmet restricted)
rElec    .         Reflect  .   t - +0 cloak
rCorr    .         Harm     .   B - +0 pair of gloves
MR       .....                  n - +2 pair of boots
Stlth    ++........             r - amulet of rage
HPRegen  0.21/turn              g - ring of fire
MPRegen  0.14/turn              (no ring)

@: drained
A: walk through water, unfitting armour, unbreathing, cold-blooded, AC +11
a: Renounce Religion, Evoke Berserk Rage


You were on level 6 of the Dungeon.
You worshipped Vehumet.
Vehumet was noncommittal.
You were not hungry.

You visited 2 branches of the dungeon, and saw 7 of its levels.

You collected 236 gold pieces.
You spent 90 gold pieces at shops.

Inventory:

Hand Weapons
 d - a +0 hand axe
 q - a +0 mace of draining
 v - a +6 flail of holy wrath (weapon)
Missiles
 i - 2 throwing nets (quivered)
Armour
 n - a +2 pair of boots (worn)
 t - a +0 cloak (worn)
 B - a +0 pair of gloves (worn)
Jewellery
 g - a ring of fire (left hand)
 r - an amulet of rage (around neck)
Wands
 s - a wand of disintegration (14)
 u - a wand of acid (6)
Scrolls
 c - a scroll of remove curse
 e - 7 scrolls of identify {unknown}
 p - 4 scrolls of teleportation {unknown}
 x - a scroll of amnesia {unknown}
 y - a scroll of enchant armour {unknown}
 A - a scroll of random uselessness {unknown}
Potions
 f - a potion of invisibility {unknown}
 h - 3 potions of berserk rage {unknown}
 j - 8 potions of curing
 k - a potion of brilliance {unknown}
 l - 2 potions of agility {unknown}
 m - 3 potions of heal wounds {unknown}
 o - 5 potions of flight {unknown}
 w - 2 potions of lignification {unknown}
 z - a potion of might {unknown}
 D - a potion of mutation {unknown}
 E - a potion of haste
Books
 a - a book of Conjurations

   Spells                             Type                      Level
   a - Magic Dart                     Conjuration                  1
   b - Searing Ray                    Conjuration                  2
   c - Dazzling Spray                 Conjuration/Hexes            3
   d - Fulminant Prism                Conjuration/Hexes            4
   e - Force Lance                    Conjuration/Translocation    4
   f - Iskenderun's Mystic Blast      Conjuration                  4
Comestibles
 b - 10 rations


   Skills:
 + Level 5.2(5.1) Fighting
 * Level 4.4(4.3) Maces & Flails
 - Level 1.7(1.6) Dodging
 - Level 1.7(1.6) Stealth
 + Level 4.9(4.8) Spellcasting
 + Level 7.5(7.4) Conjurations
 - Level 2.5(2.4) Hexes


You had 6 spell levels left.
You knew the following spells:

 Your Spells              Type           Power        Failure   Level  Hunger
a - Magic Dart            Conj           ####         1%          1    None
b - Searing Ray           Conj           ####..       1%          2    #......
c - Dazzling Spray        Conj/Hex       ###...       5%          3    ###....
d - Iskenderun's Mystic   Conj           ####....     6%          4    ####...


Dungeon Overview and Level Annotations

Branches:
Dungeon (6/15)             Temple (1/1) D:5

Altars:
Ashenzari
Cheibriados
Dithmenos
Elyvilon
Fedhas
Gozag
Hepliaklqana
Kikubaaqudgha
Nemelex Xobeh
Okawaru
Qazlal
Trog
Uskayaw
Vehumet
Wu Jian
Xom
Yredelemnul
Zin
The Shining One

Annotations:
D:6 bmj180's ghost, novice HOFi


Innate Abilities, Weirdness & Mutations

You can walk through water.
Your dull iron-grey scales are very hard. (AC +11)
You cannot fit into any form of body armour.
You can survive without breathing.
You are cold-blooded and may be slowed by cold attacks.


Message History

You hit bmj180's ghost but do no damage.
Bmj180's ghost is severely damaged.
Bmj180's ghost hits you!!
* * * LOW HITPOINT WARNING * * *
You barely miss bmj180's ghost.
Bmj180's ghost is severely damaged.
Bmj180's ghost hits you but does no damage.
You hit bmj180's ghost.
Bmj180's ghost convulses.
Bmj180's ghost is severely damaged.
Bmj180's ghost hits you.
* * * LOW HITPOINT WARNING * * *
You barely miss bmj180's ghost.
Your tail-slap misses bmj180's ghost.
Bmj180's ghost is severely damaged.
Bmj180's ghost completely misses you. Bmj180's ghost hits you!
* * * LOW HITPOINT WARNING * * *
You barely miss bmj180's ghost.
Bmj180's ghost is severely damaged.
Bmj180's ghost barely misses you. Bmj180's ghost hits you!
You die...

######.. ##.......
#.#.......##
..........>.#
............#
............#######
.......†..........#
................@.#
...............W..#
.....)............#
..................#
..................#
....[.............#
.....<............#
...........#......#
..........#########


You could see bmj180's ghost.

Vanquished Creatures
  The ghost of Monsterracer the Ducker, a novice SpBe of Trog (D:4)
  Eustachio (D:4)
  Edmund (D:4)
  A sky beast (D:5)
  A phantom (D:5)
  A centaur (D:5)
  A scorpion (D:5)
  3 wights
  A howler monkey (D:4)
  A quasit (D:6)
  A centaur skeleton (D:4)
  2 orc priests
  2 hounds
  6 orc wizards
  3 worker ants
  Robin (D:4)
  5 gnolls
  A howler monkey skeleton (D:3)
  5 adders
  A shadow imp (D:5)
  An ooze (D:3)
  An adder skeleton (D:4)
  2 worms
  2 dart slugs
  8 leopard geckos
  20 orcs
  2 ball pythons (D:5)
  6 giant cockroaches
  15 goblins
  12 hobgoblins
  8 jackals
  4 kobolds
  3 quokkas
  7 bats
  7 frilled lizards
  5 rats
  A spectral orc (D:5)
143 creatures vanquished.

Notes
Turn   | Place    | Note
-------+----------+-------------------------------------------
     0 | D:1      | Jawreze the Draconian Conjurer began the quest for the Orb.
     0 | D:1      | Reached XP level 1. HP: 14/14 MP: 3/3
   269 | D:1      | Reached XP level 2. HP: 22/22 MP: 0/5
   273 | D:1      | Learned a level 2 spell: Searing Ray
   566 | D:1      | Reached skill level 1 in Fighting
   727 | D:1      | Reached XP level 3. HP: 24/28 MP: 1/6
  1533 | D:2      | Learned a level 3 spell: Dazzling Spray
  2289 | D:2      | Reached XP level 4. HP: 36/36 MP: 2/7
  2419 | D:3      | Reached skill level 5 in Conjurations
  2763 | D:3      | You fall through a shaft!
  3227 | D:4      | Reached XP level 5. HP: 27/42 MP: 5/9
  3406 | D:4      | Learned a level 4 spell: Iskenderun's Mystic Blast
  3445 | D:4      | Noticed Edmund
  3488 | D:4      | Killed Edmund
  3488 | D:4      | Reached skill level 1 in Hexes
  3488 | D:4      | Reached XP level 6. HP: 31/50 MP: 1/10
  4307 | D:4      | Found an opulent altar of Gozag.
  4314 | D:4      | Found a hazy altar of Hepliaklqana.
  4319 | D:4      | Found a shattered altar of Ashenzari.
  4753 | D:4      | Noticed Monsterracer's ghost (novice SpBe)
  4796 | D:4      | Killed Monsterracer's ghost
  4796 | D:4      | Reached skill level 6 in Conjurations
  4796 | D:4      | Your scales start taking on a dull iron-grey colour.
  4796 | D:4      | Reached XP level 7. HP: 39/57 MP: 2/12
  4796 | D:4      | Gained mutation: You can survive without breathing. [Grey Draconian growth]
  4949 | D:4      | Noticed Robin
  4953 | D:4      | Noticed Eustachio
  5000 | D:4      | Killed Robin
  5059 | D:4      | Killed Eustachio
  5214 | D:4      | Found Zin's Purification Station.
  5219 | D:4      | Found a glowing silver altar of Zin.
  5531 | D:4      | Bought a potion of curing for 90 gold pieces
  5573 | D:4      | Reached skill level 1 in Maces & Flails
  5767 | D:5      | Entered Level 5 of the Dungeon
  5872 | D:5      | Reached skill level 7 in Conjurations
  5872 | D:5      | Reached XP level 8. HP: 67/67 MP: 14/14
  5980 | D:5      | Found a blossoming altar of Fedhas.
  6293 | D:5      | Found a staircase to the Ecumenical Temple.
  6470 | Temple   | Entered the Ecumenical Temple
  6719 | Temple   | Became a worshipper of Vehumet
  6779 | D:5      | Found a basalt altar of Yredelemnul.
  7274 | D:5      | Reached skill level 5 in Fighting
  7426 | D:6      | Noticed bmj180's ghost (novice HOFi)
  7618 | D:6      | Slain by bmj180's ghost

Skill      XL: |  1  2  3  4  5  6  7  8 |
---------------+-------------------------+-----
Fighting       | 1 2 3 4 5 |  5.2
Conjurations   | 5 6 7 |  7.5
Spellcasting   | 3 4 |  4.9
Hexes          | 1 2 |  2.5
Maces & Flails | 2 4 |  4.4
Dodging        | |  1.7
Stealth        | |  1.7

Action                   |  1- 3 |  4- 6 |  7- 9 || total
-------------------------+-------+-------+-------++-------
Melee: Hand axe          |    39 |    52 |    61 ||   152
       Tailslap          |     1 |     4 |    12 ||    17
       Flail             |       |       |    81 ||    81
 Cast: Magic Dart        |    88 |    99 |    92 ||   279
       Searing Ray       |       |     5 |     1 ||     6
       Dazzling Spray    |       |     3 |     5 ||     8
       Iskenderun's Myst |       |       |    17 ||    17
  Use: Scroll            |     1 |       |       ||     1
  Eat: Chunk             |     5 |     8 |    10 ||    23
       Ration            |       |       |     1 ||     1
Armor: Skin              |    24 |    31 |   125 ||   180
Dodge: Dodged            |    65 |    39 |   182 ||   286
